 Dungeon Crawl Stone Soup version 0.29.0-4-gdea44cf6ec (webtiles) character file.

Game seed: 13066352773337083928

46 qw the Chopper (level 3, -2/21 HPs)
             Began as a Tengu Warper on Aug 28, 2022.
             Slain by Terence
             ... wielding a +0 hand axe
              (8 damage)
             ... on level 2 of the Dungeon.
             The game lasted 00:00:07 (1562 turns).

qw the Chopper (Tengu Warper)                       Turns: 1562, Time: 00:00:07

Health: -2/21      AC:  3    Str: 13    XL:     3   Next: 68%
Magic:  7/7        EV: 12    Int: 13    God:
Gold:   96         SH:  0    Dex: 13    Spells: 6/6 levels left

rFire   . . .      SeeInvis .   Y - +0 war axe
rCold   . . .      Faith    .   (no shield)
rNeg    . . .      Spirit   .   b - +0 leather armour
rPois   .          Reflect  .   (helmet restricted)
rElec   .          Harm     .   (no cloak)
rCorr   .          Rampage  .   (no gloves)
Will    .....                   (boots unavailable)
Stlth   +.........              (no amulet)
HPRegen 0.07/turn               (no ring)
MPRegen 0.10/turn               (no ring)

@: no status effects
A: beak, talons 3
a: no special abilities


You were on level 2 of the Dungeon.
You visited 1 branch of the dungeon, and saw 2 of its levels.

You collected 96 gold pieces.


Innate Abilities, Weirdness & Mutations

You have a beak for a mouth.
You have claws for feet.


   Skills:
 - Level 2.0 Fighting
 + Level 4.3 Axes
 - Level 1.0 Throwing
 - Level 1.1 Armour
 - Level 2.1 Dodging
 - Level 2.0 Spellcasting
 - Level 2.4 Translocations


You had 6 spell levels left.
You didn't know any spells.
Your spell library contained the following spells:

 Spells                   Type           Power      Damage    Failure   Level
 Blink                    Tloc           14%        N/A       19%         2
 Gell's Gravitas          Tloc           7%         N/A       36%         3
 Lesser Beckoning         Tloc           7%         N/A       36%         3
 Teleport Other           Tloc           7%         N/A       36%         3
 Manifold Assault         Tloc           7%         N/A       98%         5

Inventory:

Hand Weapons
 k - a +0 mace
 Y - a +0 war axe (weapon)
Missiles
 d - 7 boomerangs of dispersal
 e - 5 javelins (quivered)
Armour
 b - a +0 leather armour (worn)
Scrolls
 c - a scroll of teleportation {unknown}
Potions
 a - a potion of attraction {unknown}
 g - a potion of heal wounds {unknown}
 l - a potion of curing {unknown}

Dungeon Overview and Level Annotations

Branches:
Dungeon (2/15)

Altars:

Shops:
D:2 *

Annotations:
D:2 Terence


Message History

You now have 76 gold pieces (gained 10).
You now have 85 gold pieces (gained 9).
Found 6 stones.
Enter note: You now have 94 gold pieces (gained 9).
Found an escape hatch in the floor.
You now have 96 gold pieces (gained 2).
There is an escape hatch in the floor here.
Found a war axe.
You see here a +0 war axe.
Terence and a frilled lizard come into view.
Found 7 gold pieces.
Found an escape hatch in the ceiling.
Terence shouts!
1553 ||| Stepping ~*~*~tactically~*~*~ (stealth).
Throw: 6 javelins
Press: ? - help, Q - select action, (/) - cycle Shift-Dir - straight line, f - Terence You throw a javelin.
The javelin pierces through Terence.
Terence is lightly wounded.
1555 ||| Stepping ~*~*~tactically~*~*~ (stealth).
The frilled lizard hisses angrily.
You hit Terence but do no damage. You claw Terence.
You peck Terence, but do no damage.
Terence is heavily wounded.
Terence closely misses you.
You closely miss Terence. Your kick misses Terence.
Terence is heavily wounded.
Terence hits you with a +0 hand axe.
You hit Terence but do no damage.
Terence is heavily wounded.
Terence hits you but does no damage. Terence hits you with a +0 hand axe.
You hit Terence but do no damage.
Terence is heavily wounded.
Terence hits you with a +0 hand axe.
You completely miss Terence. You claw Terence, but do no damage.
Terence is heavily wounded.
Terence closely misses you.
You closely miss Terence. You claw Terence, but do no damage.
Terence is heavily wounded.
Terence hits you with a +0 hand axe. Terence hits you with a +0 hand axe!
You die...

### $ ....#### #.
.......# #( l.#.##.#
#####.##. #.##.#
........ #.##.# ....l#
#.##.# #>#@###..#.#
#.(.@...#..#
####....##.##.##
..........\....#
#.#####..##.##.##
#..##.#.## ###
#.%###.##
##########.###......#
##.........#.##.####.#
....#####.###...####.#


You could see Terence and a frilled lizard.

Vanquished Creatures
  2 dart slugs (D:1)
  4 ball pythons
  7 bats
  4 endoplasms
  3 giant cockroaches (D:1)
  4 goblins
  4 hobgoblins
  2 quokkas (D:1)
  2 kobolds (D:1)
  4 rats (D:1)
36 creatures vanquished.

Notes
Turn   | Place    | Note
-------+----------+-------------------------------------------
     0 | D:1      | qw the Tengu Warper began the quest for the Orb.
     0 | D:1      | Reached XP level 1. HP: 12/12 MP: 4/4
     0 | D:1      | 0 ||| qw: Version: 0.1-a-89-g26bdef1
     0 | D:1      | 0 ||| qw: Game counter: 1565
     0 | D:1      | 0 ||| qw: Always use a shield: true
     0 | D:1      | 0 ||| qw: God list: Okawaru
     0 | D:1      | 0 ||| qw: Allow faded altars: false
     0 | D:1      | 0 ||| qw: Do Orc after D:15 true
     0 | D:1      | 0 ||| qw: Do second Lair branch before Depths: true
     0 | D:1      | 0 ||| qw: Lair rune preference: random
     0 | D:1      | 0 ||| qw: Plans: Normal
     0 | D:1      | 0 ||| PLANNING D:1-11
   147 | D:1      | Reached XP level 2. HP: 17/17 MP: 6/6
   175 | D:1      | 175 ||| SWAPPING to +0 war axe.
   177 | D:1      | Reached skill level 3 in Axes
   177 | D:1      | 177 ||| DROPPING +0 hand axe.
   320 | D:1      | 320 ||| Stepping ~*~*~tactically~*~*~ (hiding).
   521 | D:1      | 521 ||| Stepping ~*~*~tactically~*~*~ (hiding).
   647 | D:1      | Reached XP level 3. HP: 18/21 MP: 7/7
   822 | D:1      | 822 ||| DROPPING +0 club.
   832 | D:1      | 832 ||| Stepping ~*~*~tactically~*~*~ (stealth).
  1023 | D:1      | 1023 ||| Stepping ~*~*~tactically~*~*~ (stealth).
  1025 | D:1      | 1025 ||| Stepping ~*~*~tactically~*~*~ (hiding).
  1167 | D:1      | Reached skill level 4 in Axes
  1330 | D:1      | 1330 ||| READING scroll labelled YHOIRH OSTACZY.
  1331 | D:1      | 1331 ||| READING scroll labelled ZAIRYIKURI.
  1332 | D:1      | 1332 ||| READING scroll labelled XAIDAYRORI.
  1333 | D:1      | 1333 ||| DROPPING scroll of blinking.
  1399 | D:2      | Found Kyrphyca's General Store.
  1430 | D:2      | 1430 ||| Stepping ~*~*~tactically~*~*~ (stealth).
  1552 | D:2      | Noticed Terence
  1553 | D:2      | 1553 ||| Stepping ~*~*~tactically~*~*~ (stealth).
  1555 | D:2      | 1555 ||| Stepping ~*~*~tactically~*~*~ (stealth).
  1562 | D:2      | Slain by Terence

Levels and vault maps discovered:
D:1:      minmay_arrival_glassed_features, layout_basic, minivault_19
D:2:      layout_loops_ring, serial_shops, nicolae_shop_crystal, uniq_terence

Skill      XL: |  1  2  3 |
---------------+----------+-----
Axes           | 3 4 |  4.3
Fighting       | |  2.0
Throwing       | |  1.0
Armour         | |  1.1
Dodging        | |  2.1
Spellcasting   | |  2.0
Translocations | |  2.4

Action                   || total
-------------------------++-------
Melee: Hand axe          ||     3
       War axe           ||    41
       Kick              ||     7
       Peck              ||     6
Throw: Javelin           ||    41
  Use: Scroll            ||     3
Armor: Leather armour    ||    10
Dodge: Dodged            ||    22

Table legend:
 A = Non-vault XP
 B = Vault XP
 C = Vault XP percentage of total XP
 D = Non-vault monster count
 E = Vault monster count
 F = Vault count percentage of total count
                 A         B        C        D         E       F
            +---------+---------+-------+---------+---------+-------
      Total |      67 |       0 |   0.0 |      36 |       0 |   0.0
            +---------+---------+-------+---------+---------+-------
        D:1 |      50 |       0 |   0.0 |      27 |       0 |   0.0
        D:2 |      17 |       0 |   0.0 |       9 |       0 |   0.0
            +---------+---------+-------+---------+---------+-------
